 Dungeon Crawl Stone Soup version 0.21.0-25-ge575cb9 (webtiles) character file.

1166 tidbits the Sneak (level 8, -10/58 HPs)
             Began as a Gnoll Enchanter on Jan 25, 2018.
             Killed from afar by asdu's ghost (13 damage)
             ... with a puff of frost
             ... on level 6 of the Dungeon.
             The game lasted 00:16:43 (1641 turns).

tidbits the Sneak (Gnoll Enchanter)                 Turns: 1641, Time: 00:16:44

Health: -10/58     AC:  3    Str: 16    XL:     8   Next: 40%
Magic:  17/17      EV: 15    Int: 20    God:
Gold:   188        SH:  0    Dex: 15    Spells: 10/19 levels left

rFire    . . .     SeeInvis .   a - +1 dagger
rCold    . . .     Gourm    .   (no shield)
rNeg     . . .     Faith    .   b - +0 robe
rPois    .         Spirit   .   (no helmet)
rElec    .         Reflect  .   C - +0 cloak
rCorr    .         Harm     .   (no gloves)
MR       .....                  (no boots)
Stlth    +++.......             (no amulet)
HPRegen  0.19/turn              (no ring)
MPRegen  0.15/turn              (no ring)

@: mighty, very slightly contaminated, invisible
A: distributed training, fangs 1, strong nose
a: no special abilities


You were on level 6 of the Dungeon.
You were not hungry.

You visited 2 branches of the dungeon, and saw 7 of its levels.
You also visited: Sewer.

You collected 188 gold pieces.

Inventory:

Hand Weapons
 a - a +1 dagger (weapon)
 f - a +0 flail
 i - a +2 long sword of electrocution
   (You found it on level 5 of the Dungeon)
 m - a +1 war axe
 r - a +0 short sword of freezing
   (You took it off a big kobold in a sewer)
 s - a +0 shortbow
 y - a +2 whip of venom
   (You took it off a gnoll on level 6 of the Dungeon)
Missiles
 g - 54 sling bullets
 v - 13 arrows
Armour
 b - a +0 robe (worn)
 n - a +0 ring mail
 C - a +0 cloak (worn)
Wands
 l - a wand of polymorph (15)
 o - a wand of random effects (10)
 x - a wand of flame (37)
Scrolls
 e - 3 scrolls of teleportation
 j - a scroll of enchant weapon
 k - 2 scrolls of blinking
 t - a scroll of fear
 w - 4 scrolls of amnesia {unknown}
 z - a scroll of torment {unknown}
 A - a scroll of brand weapon {unknown}
Potions
 p - 3 potions of might
 u - a potion of flight
Books
 c - a book of Maledictions

   Spells                             Type                      Level
   a - Corona                         Hexes                        1
   b - Ensorcelled Hibernation        Hexes/Ice                    2
   c - Confuse                        Hexes                        3
   d - Tukima's Dance                 Hexes                        3
   e - Dazzling Spray                 Conjuration/Hexes            3
Comestibles
 d - 7 rations


   Skills:
 + Level 3.2 Fighting
 + Level 4.1 Short Blades
 + Level 3.2 Long Blades
 + Level 3.2 Axes
 + Level 3.2 Maces & Flails
 + Level 3.2 Polearms
 + Level 3.2 Staves
 + Level 3.2 Slings
 + Level 3.2 Bows
 + Level 3.2 Crossbows
 + Level 3.2 Throwing
 + Level 3.2 Armour
 + Level 5.6 Dodging
 + Level 6.8 Stealth
 + Level 3.2 Shields
 + Level 3.2 Unarmed Combat
 + Level 6.0 Spellcasting
 + Level 2.6 Conjurations
 + Level 6.1 Hexes
 + Level 2.6 Charms
 + Level 2.6 Summonings
 + Level 2.6 Necromancy
 + Level 2.6 Translocations
 + Level 2.6 Transmutations
 + Level 2.6 Fire Magic
 + Level 2.6 Ice Magic
 + Level 2.6 Air Magic
 + Level 2.6 Earth Magic
 + Level 2.6 Poison Magic
 + Level 3.5 Invocations
 + Level 3.2 Evocations


You had 10 spell levels left.
You knew the following spells:

 Your Spells              Type           Power        Failure   Level  Hunger
a - Corona                Hex            ####...      1%          1    None
c - Confuse               Hex            ####....     2%          3    ##.....
d - Dazzling Spray        Conj/Hex       ###...       5%          3    ##.....
e - Ensorcelled Hibernat  Hex/Ice        ###...       2%          2    None


Dungeon Overview and Level Annotations

Branches:
Dungeon (6/15)             Temple (1/1) D:4

Altars:
Dithmenos
Fedhas
Gozag
Hepliaklqana
Kikubaaqudgha
Nemelex Xobeh
Okawaru
Qazlal
Ru
Uskayaw
Vehumet
Yredelemnul
The Shining One

Annotations:
D:6 asdu's ghost, novice NaIE


Innate Abilities, Weirdness & Mutations

Your experience applies equally to all skills.
You have very sharp teeth.
Your uncanny sense of smell can sniff out nearby items.


Message History

Unknown command.
You fade into invisibility!
You are very lightly contaminated with residual magic.
You catch the helpless orc completely off-guard!
You impale the orc!!
You kill the orc!
Casting: Ensorcelled Hibernation
Confirm with . or Enter, or press ? or * to list all spells.
Aiming: Ensorcelled Hibernation
Press: ? - help, Shift-Dir - straight line, f - orc priest
Aim: an orc priest (chance to defeat MR: 51%)
The orc priest resists with some effort.
There is an open door here.
Items here: )) [[ a whip; a leather armour; a hand axe; a chain mail
Casting: Ensorcelled Hibernation
Confirm with . or Enter, or press ? or * to list all spells.
Aiming: Ensorcelled Hibernation
Press: ? - help, Shift-Dir - straight line, f/p - orc priest
Aim: an orc priest (chance to defeat MR: 51%)
The orc priest resists with some effort.
The orc priest misses you.
You hit the orc priest.
You bite the orc priest, but do no damage.
The orc priest is moderately wounded.
You hit the orc priest.
The orc priest is heavily wounded.
The orc priest looks encouraged for a moment.
You catch the helpless orc priest completely off-guard!
You impale the orc priest!!
You kill the orc priest!
An orc wizard comes into view. It is wielding a dagger.
Okay, then.
The orc wizard shouts!
Casting: Ensorcelled Hibernation
Confirm with . or Enter, or press ? or * to list all spells.
Aiming: Ensorcelled Hibernation
Press: ? - help, Shift-Dir - straight line, f - orc warrior
Aim: an orc warrior, wielding a dire flail and wearing a plate armour (chance to defeat MR: 52%)
The orc warrior resists with some effort.
The orc wizard shouts!
Casting: Ensorcelled Hibernation
Confirm with . or Enter, or press ? or * to list all spells.
Aiming: Ensorcelled Hibernation
Press: ? - help, Shift-Dir - straight line, f/p - orc warrior
Aim: an orc warrior, wielding a dire flail and wearing a plate armour (chance to defeat MR: 52%)
The orc warrior resists with some effort.
The orc warrior barely misses you.
You strike the helpless orc warrior from behind!
You puncture the orc warrior!
The orc warrior is heavily wounded.
The orc warrior hits you with a dire flail!
* * * LOW HITPOINT WARNING * * *
Casting: Ensorcelled Hibernation
Confirm with . or Enter, or press ? or * to list all spells.
Aiming: Ensorcelled Hibernation
Press: ? - help, Shift-Dir - straight line, f/p - orc warrior
Aim: an orc warrior, wielding a dire flail and wearing a plate armour (heavily wounded, chance to defeat MR: 52%)
Okay, then.
You barely miss the orc warrior. Your bite misses the orc warrior.
The orc warrior is heavily wounded.
The orc warrior misses you.
You catch the helpless orc warrior completely off-guard!
You impale the orc warrior!!
You kill the orc warrior!
Your Spellcasting skill increases to level 6!
The orc wizard casts a spell at you. You resist with some effort.
Unknown command.
Things that are here:
a dire flail; a plate armour You catch the helpless orc wizard completely off-guard!
You puncture the orc wizard!
You kill the orc wizard!
Things that are here:
a dagger; a robe You see here a ration.
d - 7 rations (gained 1) Unknown command.
You feel very mighty all of a sudden.
Asdu's ghost turns its malevolent gaze towards you.
You hit asdu's ghost.
Asdu's ghost is lightly damaged.
Asdu's ghost points at you and mumbles some strange words.
The puff of frost hits you!
* * * LOW HITPOINT WARNING * * *
Press: ? - help, v - describe, . - travel
Here: asdu's ghost (lightly damaged)
The floor.
It was a potion of magic.
Magic courses through your body.
Asdu's ghost points at you and mumbles some strange words.
The puff of frost hits you!
* * * LOW HITPOINT WARNING * * *
Blink to where?
Press: ? - help, Dir - move target cursor
As you read the scroll of blinking, it crumbles to dust.
Found an inky potion.
Asdu's ghost casts a spell at you. The puff of frost hits you!
You die...

#.....)....#.
#.....#....#.
#########....#....#.
##.!....##....#....#.
#.............##...##
#.............####'##
#....................
#..............))....
#...@.....W...[......
##......##..ยง........
#......##...........
#....................
#.............##.....
#.............#######
#..............
#.......#######
#...)...##....##


You could see asdu's ghost.

Vanquished Creatures
  A water moccasin (D:5)
  An orc warrior (D:6)
  An ice beast (D:5)
  2 ogres
  A centaur (D:6)
  3 big kobolds (Sewer)
  A howler monkey (D:5)
  A hound (D:4)
  An orc priest (D:6)
  A bullfrog skeleton (D:5)
  Terence (D:2)
  An orc wizard (D:6)
  A worker ant (D:5)
  3 gnolls (D:6)
  4 river rats
  8 adders
  An ooze (Sewer)
  5 worms
  4 leopard geckos
  3 orcs
  4 bats
  5 giant cockroaches
  5 goblins
  4 hobgoblins
  6 jackals
  2 quokkas
  3 ball pythons
  A frilled lizard (D:1)
  7 kobolds
  4 rats
85 creatures vanquished.

Notes
Turn   | Place    | Note
-------+----------+-------------------------------------------
     0 | D:1      | tidbits the Gnoll Enchanter began the quest for the Orb.
     0 | D:1      | Reached XP level 1. HP: 13/13 MP: 6/6
   127 | D:2      | Reached XP level 2. HP: 10/19 MP: 5/7
   135 | D:2      | Learned a level 2 spell: Ensorcelled Hibernation
   158 | D:3      | Found a glowing drain.
   353 | D:2      | Noticed Terence
   363 | D:2      | Reached skill level 5 in Spellcasting
   363 | D:2      | Reached XP level 3. HP: 18/25 MP: 5/9
   365 | D:2      | Killed Terence
   365 | D:2      | Reached skill level 1 in Fighting
   365 | D:2      | Reached skill level 1 in Long Blades
   365 | D:2      | Reached skill level 1 in Axes
   365 | D:2      | Reached skill level 1 in Maces & Flails
   365 | D:2      | Reached skill level 1 in Polearms
   365 | D:2      | Reached skill level 1 in Staves
   365 | D:2      | Reached skill level 1 in Slings
   365 | D:2      | Reached skill level 1 in Bows
   365 | D:2      | Reached skill level 1 in Crossbows
   365 | D:2      | Reached skill level 1 in Throwing
   365 | D:2      | Reached skill level 1 in Armour
   365 | D:2      | Reached skill level 6 in Stealth
   365 | D:2      | Reached skill level 1 in Shields
   365 | D:2      | Reached skill level 1 in Unarmed Combat
   365 | D:2      | Reached skill level 1 in Invocations
   365 | D:2      | Reached skill level 1 in Evocations
   398 | D:2      | Reached XP level 4. HP: 23/32 MP: 8/11
   533 | D:4      | Found a blossoming altar of Fedhas.
   534 | D:4      | Found a staircase to the Ecumenical Temple.
   540 | D:4      | Reached skill level 1 in Conjurations
   540 | D:4      | Reached skill level 1 in Charms
   540 | D:4      | Reached skill level 1 in Summonings
   540 | D:4      | Reached skill level 1 in Necromancy
   540 | D:4      | Reached skill level 1 in Translocations
   540 | D:4      | Reached skill level 1 in Transmutations
   540 | D:4      | Reached skill level 1 in Fire Magic
   540 | D:4      | Reached skill level 1 in Ice Magic
   540 | D:4      | Reached skill level 1 in Air Magic
   540 | D:4      | Reached skill level 1 in Earth Magic
   540 | D:4      | Reached skill level 1 in Poison Magic
   547 | Temple   | Entered the Ecumenical Temple
   667 | D:4      | Noticed an ogre
   668 | D:4      | Reached XP level 5. HP: 37/37 MP: 9/12
   671 | D:4      | Killed an ogre
   671 | D:4      | Reached skill level 3 in Short Blades
   676 | D:4      | Learned a level 3 spell: Confuse
   680 | D:4      | Learned a level 3 spell: Dazzling Spray
   717 | D:5      | Entered Level 5 of the Dungeon
   812 | D:3      | Reached XP level 6. HP: 19/44 MP: 0/13
   839 | D:3      | Reached skill level 2 in Invocations
   859 | Sewer    | Entered a sewer
  1022 | Sewer    | Reached skill level 5 in Dodging
  1034 | Sewer    | Reached skill level 2 in Fighting
  1034 | Sewer    | Reached skill level 2 in Long Blades
  1034 | Sewer    | Reached skill level 2 in Axes
  1034 | Sewer    | Reached skill level 2 in Maces & Flails
  1034 | Sewer    | Reached skill level 2 in Polearms
  1034 | Sewer    | Reached skill level 2 in Staves
  1034 | Sewer    | Reached skill level 2 in Slings
  1034 | Sewer    | Reached skill level 2 in Bows
  1034 | Sewer    | Reached skill level 2 in Crossbows
  1034 | Sewer    | Reached skill level 2 in Throwing
  1034 | Sewer    | Reached skill level 2 in Armour
  1034 | Sewer    | Reached skill level 2 in Shields
  1034 | Sewer    | Reached skill level 2 in Unarmed Combat
  1034 | Sewer    | Reached skill level 2 in Evocations
  1085 | Sewer    | Reached XP level 7. HP: 13/50 MP: 0/15
  1214 | D:5      | Reached skill level 2 in Conjurations
  1214 | D:5      | Reached skill level 2 in Charms
  1214 | D:5      | Reached skill level 2 in Summonings
  1214 | D:5      | Reached skill level 2 in Necromancy
  1214 | D:5      | Reached skill level 2 in Translocations
  1214 | D:5      | Reached skill level 2 in Transmutations
  1214 | D:5      | Reached skill level 2 in Fire Magic
  1214 | D:5      | Reached skill level 2 in Ice Magic
  1214 | D:5      | Reached skill level 2 in Air Magic
  1214 | D:5      | Reached skill level 2 in Earth Magic
  1214 | D:5      | Reached skill level 2 in Poison Magic
  1338 | D:5      | Reached skill level 3 in Invocations
  1387 | D:6      | Noticed asdu's ghost (novice NaIE)
  1480 | D:5      | Reached skill level 6 in Hexes
  1480 | D:5      | Reached XP level 8. HP: 57/57 MP: 12/16
  1561 | D:6      | Found an ancient bone altar of Kikubaaqudgha.
  1561 | D:6      | Found a sparkling altar of Nemelex Xobeh.
  1583 | D:6      | Reached skill level 3 in Fighting
  1583 | D:6      | Reached skill level 4 in Short Blades
  1583 | D:6      | Reached skill level 3 in Long Blades
  1583 | D:6      | Reached skill level 3 in Axes
  1583 | D:6      | Reached skill level 3 in Maces & Flails
  1583 | D:6      | Reached skill level 3 in Polearms
  1583 | D:6      | Reached skill level 3 in Staves
  1583 | D:6      | Reached skill level 3 in Slings
  1583 | D:6      | Reached skill level 3 in Bows
  1583 | D:6      | Reached skill level 3 in Crossbows
  1583 | D:6      | Reached skill level 3 in Throwing
  1583 | D:6      | Reached skill level 3 in Armour
  1583 | D:6      | Reached skill level 3 in Shields
  1583 | D:6      | Reached skill level 3 in Unarmed Combat
  1583 | D:6      | Reached skill level 3 in Evocations
  1624 | D:6      | Reached skill level 6 in Spellcasting
  1639 | D:6      | HP: 3/58 [asdu's ghost/puff of frost (12)]
  1641 | D:6      | Killed from afar by asdu's ghost

Skill      XL: |  1  2  3  4  5  6  7  8 |
---------------+-------------------------+-----
Spellcasting   | 5 6 |  6.0
Fighting       | 1 2 3 |  3.2
Long Blades    | 1 2 3 |  3.2
Axes           | 1 2 3 |  3.2
Maces & Flails | 1 2 3 |  3.2
Polearms       | 1 2 3 |  3.2
Staves         | 1 2 3 |  3.2
Slings         | 1 2 3 |  3.2
Bows           | 1 2 3 |  3.2
Crossbows      | 1 2 3 |  3.2
Throwing       | 1 2 3 |  3.2
Armour         | 1 2 3 |  3.2
Stealth        | 6 |  6.8
Shields        | 1 2 3 |  3.2
Unarmed Combat | 1 2 3 |  3.2
Invocations    | 1 2 3 |  3.5
Evocations     | 1 2 3 |  3.2
Conjurations   | 1 2 |  2.6
Charms         | 1 2 |  2.6
Summonings     | 1 2 |  2.6
Necromancy     | 1 2 |  2.6
Translocations | 1 2 |  2.6
Transmutations | 1 2 |  2.6
Fire Magic     | 1 2 |  2.6
Ice Magic      | 1 2 |  2.6
Air Magic      | 1 2 |  2.6
Earth Magic    | 1 2 |  2.6
Poison Magic   | 1 2 |  2.6
Short Blades   | 3 4 |  4.1
Dodging        | 5 |  5.6
Hexes          | 6 |  6.1

Action                   |  1- 3 |  4- 6 |  7- 9 || total
-------------------------+-------+-------+-------++-------
Melee: Dagger            |    59 |   110 |    57 ||   226
       Bite              |     2 |     7 |     5 ||    14
 Cast: Corona            |    12 |     9 |     1 ||    22
       Ensorcelled Hiber |     9 |    28 |    19 ||    56
       Dazzling Spray    |       |     2 |     2 ||     4
       Confuse           |       |       |     3 ||     3
  Use: Potion            |     1 |     1 |     4 ||     6
       Scroll            |       |     2 |     5 ||     7
 Stab: Sleeping          |    10 |    23 |    12 ||    45
       Invisible         |       |     2 |     7 ||     9
       Confused          |       |       |     2 ||     2
  Eat: Chunk             |       |     1 |     2 ||     3
Armor: Robe              |    11 |    13 |     2 ||    26
Dodge: Dodged            |    47 |    73 |    29 ||   149

Table legend:
 A = Turns spent in this place as a percentage of turns spent in the entire game.
 B = Non-inter-level travel turns spent in this place as a percentage of non-inter-level travel turns spent in the entire game.
 C = Inter-level travel turns spent in this place as a percentage of turns spent in this place.
 D = Turns resting spent in this place as a percentage of non-inter-level travel turns spent in this place.
 E = Turns spent auto-exploring this place as a percentage of non-inter-level travel turns spent in this place.
 F = Non-inter-level travel turns spent in this place divided by the number of levels of this place that you've seen.
                   A       B       C       D       E      F
               +-------+-------+-------+-------+-------+----------------------
         Total | 100.0 | 100.0 |   0.8 |   0.0 |   0.0 | 203.5
       Dungeon |  77.9 |  78.6 |   0.0 |   0.0 |   0.0 | 213.2
        Temple |   5.7 |   5.0 |  13.8 |   0.0 |   0.0 |  81.0
         Sewer |  16.3 |  16.5 |   0.0 |   0.0 |   0.0 | 268.0
               +-------+-------+-------+-------+-------+----------------------

Table legend:
 A = Kills in this place as a percentage of kills in entire the game.
 B = Kills by you in this place as a percentage of kills by you in the entire game.
 C = Kills by friends in this place as a percentage of kills by friends in the entire game.
 D = Other kills in this place as a percentage of other kills in the entire game.
 E = Experience gained in this place as a percentage of experience gained in the entire game.
 F = Experience gained in this place divided by the number of levels of this place that you have seen.
                   A       B       C       D       E      F
               +-------+-------+-------+-------+-------+----------------------
         Total | 100.0 | 100.0 |   N/A |   N/A | 100.0 | 208.4
       Dungeon |  78.8 |  78.8 |   N/A |   N/A |  77.0 | 214.0
         Sewer |  21.2 |  21.2 |   N/A |   N/A |  23.0 | 383.0
               +-------+-------+-------+-------+-------+----------------------

Vault maps used:
D:1:      dpeg_arrival_pits
D:2:      first_ration, uniq_terence
D:3:      portal_sewer_entry_a
D:4:      minitemple, minmay_temple_entry_steel_oval, fedhas_altar_2
D:6:      overflow_temple_1_default, amethyst_overflow_temple_binary,
          uniq_eustachio
Temple:   minmay_temple_curvy_loop
Sewer:    sewer_co_15_rooms
